 Dungeon Crawl Stone Soup version 0.30.1-9-gdf580d7c3d (webtiles) character file.

Game seed: 11962400226580856204

1251 Wiggles the Cleaver (level 8, -1/71 HPs)
             Began as a Minotaur Berserker on Oct 6, 2023.
             Was a Believer of Trog.
             Killed from afar by a white imp (6 damage)
             ... with a puff of frost
             ... on level 6 of the Dungeon.
             The game lasted 00:05:24 (3683 turns).

Wiggles the Cleaver (Minotaur Berserker)            Turns: 3683, Time: 00:05:25

Health: -1/71      AC: 10    Str: 24    XL:     8   Next: 26%
Magic:  7/7        EV:  9    Int:  4    God:    Trog [**....]
Gold:   242        SH:  0    Dex: 10    Spells: 7/7 levels left

rFire   . . .        a - +0 hand axe
rCold   . . .        (no shield)
rNeg    . . .        e - +0 chain mail
rPois   .            (helmet restricted)
rElec   .            (no cloak)
rCorr   .            (no gloves)
SInv    .            (no boots)
Will    +....        (no amulet)
Stlth   x              - ring of willpower
HPRegen 0.31/turn    (no ring)
MPRegen 0.10/turn

%: no passive effects
@: no status effects
A: horns 2, retaliatory headbutt
a: Renounce Religion, Berserk, Trog's Hand


You were on level 6 of the Dungeon.
You worshipped Trog.
Trog was pleased with you.
You visited 1 branch of the dungeon, and saw 6 of its levels.

You collected 242 gold pieces.

Inventory:

Hand Weapons
 a - a +0 hand axe (weapon)
Armour
 e - a +0 chain mail (worn)
Jewellery
 b - a +6 ring of intelligence
 o - a ring of fire
 t - a +4 ring of slaying
 x - a ring of willpower (left hand)
Wands
 p - a wand of mindburst (22)
 s - a wand of paralysis (9)
Scrolls
 c - 3 scrolls of poison {unknown}
 d - a scroll of teleportation {unknown}
 f - a scroll of immolation {unknown}
 i - 2 scrolls of noise {unknown}
 j - a scroll of vulnerability {unknown}
 l - 6 scrolls of identify {unknown}
 n - a scroll of enchant armour {unknown}
 r - 2 scrolls of amnesia {unknown}
 v - a scroll of enchant weapon {unknown}
Potions
 g - 2 potions of mutation {unknown}
 h - 4 potions of curing {unknown}
 k - a potion of might {unknown}
 m - a potion of degeneration {unknown}
 q - 2 potions of resistance {unknown}
 u - a potion of brilliance {unknown}
 w - a potion of heal wounds {unknown}


   Skills:
 + Level 6.3 Fighting
 + Level 8.9 Axes
 + Level 6.7 Armour
 + Level 3.2 Dodging
 + Level 0.5 Stealth


You had 7 spell levels left.
You didn't know any spells.
Your spell library was empty.

Dungeon Overview and Level Annotations

Branches:
Dungeon (6/15)             Temple (0/1) D:4

Altars:
Ashenzari
Hepliaklqana
Nemelex Xobeh
Okawaru
Uskayaw
Wu Jian

Shops:
D:1 :!**[


Innate Abilities, Weirdness & Mutations

You have a pair of horns on your head.
You reflexively headbutt those who attack you in melee.


Message History

The ogre is moderately wounded.
The white imp spits at you.
The ogre hits you with a +0 giant spiked club!
You barely miss the ogre.
The ogre is moderately wounded.
You hit the white imp. The white imp gestures at you.
The puff of frost hits you but does no damage.
You hit the ogre but do no damage.
The ogre is moderately wounded.
You closely miss the white imp.
You hear a distant slurping noise.
The ogre barely misses you. The white imp gestures at you.
The puff of frost misses you.
You hit the ogre. You headbutt the ogre!
The ogre is severely wounded.
You hit the white imp.
The white imp hits you but does no damage.
You hit the ogre but do no damage.
The ogre is severely wounded.
You hit the white imp but do no damage.
The ogre hits you with a +0 giant spiked club!!
You slash the ogre! Your headbutt misses the ogre.
The ogre is almost dead.
You barely miss the white imp. The white imp hits you.
* * * LOW HITPOINT WARNING * * *
The white imp freezes you.
* * * LOW HITPOINT WARNING * * *
You hit the ogre but do no damage.
The ogre is almost dead.
You barely miss the white imp. The white imp completely misses you.
The ogre hits you with a +0 giant spiked club!
* * * LOW HITPOINT WARNING * * *
You hit the ogre but do no damage.
The ogre is almost dead.
You hit the white imp but do no damage. The white imp gestures at you.
The puff of frost hits you.
You die...

#...#
#...#
##...#####
#........+
#....#####
+....'...#
#....###.#
.......#
#.#
#......#
#@#
#...####
#O5...+
+...
......#
#...
.#.#####
#. #.#.. #
#.# #.#
#.#


You could see an ogre and a white imp.

Vanquished Creatures
  Pikel (D:5)
  Grinder (D:5)
  An ice beast (D:5)
  2 ogres (D:5)
  An orc priest (D:4)
  3 hounds (D:4)
  A jelly (D:3)
  Ijyb (D:5)
  2 iguanas
  An orc wizard (D:3)
  2 adders
  A gnoll (D:1)
  A worm (D:2)
  A dart slug (D:1)
  9 orcs
  5 endoplasms
  2 giant cockroaches
  7 goblins
  6 hobgoblins
  3 jackals (D:2)
  5 kobolds
  5 quokkas
  A ball python (D:1)
  5 bats
  3 frilled lizards (D:2)
  3 rats
73 creatures vanquished.

Vanquished Creatures (others)
  A demonspawn (D:1)
  An octopode (D:1)
  A vine stalker (D:1)
  An elf (D:1)
  A troll (D:1)
  A formicid (D:1)
  2 vampires (D:1)
  A human (D:1)
  A demigod (D:1)
  2 ogres (D:1)
  A felid (D:1)
  An orc (D:1)
  A kobold (D:1)
  4 tentacles (D:1)
19 creatures vanquished.

Grand Total: 92 creatures vanquished

Notes
Turn   | Place    | Note
-------+----------+-------------------------------------------
     0 | D:1      | Wiggles the Minotaur Berserker began the quest for the Orb.
     0 | D:1      | Reached XP level 1. HP: 19/19 MP: 0/0
     2 | D:1      | Noticed a vine stalker
     2 | D:1      | Noticed an elf
     2 | D:1      | Noticed a demonspawn
     2 | D:1      | Noticed a vampire
     2 | D:1      | Noticed a demigod
     2 | D:1      | Noticed a kraken
     2 | D:1      | Noticed a vampire
     2 | D:1      | Noticed a human
     2 | D:1      | Noticed an ogre
     2 | D:1      | Noticed an octopode
     2 | D:1      | Noticed a felid
     2 | D:1      | Noticed a troll
     2 | D:1      | Noticed an ogre
     2 | D:1      | Noticed a formicid
     6 | D:1      | Killed a vine stalker
     6 | D:1      | Killed an octopode
     7 | D:1      | Killed a demigod
     7 | D:1      | Killed an elf
     8 | D:1      | Killed a human
     8 | D:1      | Killed a demonspawn
     9 | D:1      | Killed an ogre
     9 | D:1      | Killed a vampire
    11 | D:1      | Killed a formicid
    13 | D:1      | Killed a troll
    13 | D:1      | Killed a felid
    13 | D:1      | Killed a vampire
    14 | D:1      | Killed an ogre
   116 | D:1      | Reached XP level 2. HP: 25/27 MP: 1/1
   117 | D:1      | Found Myocee's Distillery.
   248 | D:1      | Reached skill level 4 in Axes
   267 | D:1      | Found Pioqij's General Store.
   267 | D:1      | Found Sal Siaj's Assorted Antiques.
   294 | D:1      | Found Semaelo's Antique Armour Shoppe.
   466 | D:1      | Found Raphir's Book Shoppe.
   480 | D:1      | Reached XP level 3. HP: 30/33 MP: 2/2
   866 | D:2      | Reached ** piety under Trog
  1387 | D:3      | Reached XP level 4. HP: 37/41 MP: 3/3
  1429 | D:3      | Found a sparkling altar of Nemelex Xobeh.
  1470 | D:3      | Found a broken altar of Ashenzari.
  1530 | D:3      | Reached skill level 5 in Axes
  1705 | D:3      | Found a faded altar of an unknown god.
  1706 | D:3      | Noticed a great orb of eyes
  1710 | D:3      | Noticed a shining eye
  1746 | D:3      | Noticed a great orb of eyes
  1746 | D:3      | Noticed a great orb of eyes
  1895 | D:3      | Found an iron altar of Okawaru.
  1907 | D:3      | Reached XP level 5. HP: 47/47 MP: 4/4
  2233 | D:4      | Found a staircase to the Ecumenical Temple.
  2276 | D:4      | Reached skill level 5 in Fighting
  2489 | D:4      | Reached XP level 6. HP: 56/56 MP: 5/5
  2501 | D:4      | Found a hazy altar of Hepliaklqana.
  2501 | D:4      | Found a hide-covered altar of Uskayaw.
  2614 | D:4      | Reached skill level 6 in Axes
  2714 | D:5      | Entered Level 5 of the Dungeon
  2714 | D:5      | Noticed Ijyb
  2725 | D:5      | Killed Ijyb
  2761 | D:5      | Reached skill level 5 in Armour
  2950 | D:5      | Noticed an ice beast
  2951 | D:5      | Noticed Pikel
  2961 | D:5      | Killed an ice beast
  2962 | D:5      | Reached XP level 7. HP: 60/61 MP: 6/6
  2967 | D:5      | Killed Pikel
  2968 | D:5      | Reached skill level 8 in Axes
  3075 | D:5      | Reached XP level 8. HP: 34/70 MP: 7/7
  3267 | D:5      | Noticed Grinder
  3281 | D:5      | Paralysed by Grinder for 5 turns
  3308 | D:5      | Paralysed by Grinder for 4 turns
  3316 | D:5      | Killed Grinder
  3448 | D:5      | Found an ornate altar of the Wu Jian Council.
  3683 | D:6      | Killed from afar by a white imp

Illustrated notes

Levels and vault maps discovered:
D:1:      nicolae_arrival_kraken_aquarium_b, layout_rooms, serial_shops,
          nicolae_shop_real_fake_doors, shop, shop, shop,
          nicolae_shop_advertising_works [nicolae_subvault_shop_adworks]
D:2:      layout_basic
D:3:      layout_loops_ring, mainiacjoe_overflow_boulevard,
          mainiacjoe_overflow_alcove_2, mainiacjoe_overflow_chevrons,
          hellmonk_ecumenical_altar_watching_god
D:4:      layout_rooms, gammafunk_temple_overflow_statue,
          minmay_temple_entry_slanted
D:5:      layout_cave_pools, nzn_wu_jian_contemplation, uniq_pikel,
          uniq_grinder, uniq_ijyb
D:6:      layout_basic, kennysheep_mini, nicolae_tso_besieged_by_evil

Skill      XL: |  1  2  3  4  5  6  7 |
---------------+----------------------+-----
Fighting       | 4 5 6 |  6.3
Axes           | 4 5 6 8 |  8.9
Armour         | 3 4 5 6 |  6.7
Dodging        | 3 |  3.2
Stealth        | |  0.5

Action                     |  1- 3 |  4- 6 |  7- 9 || total
---------------------------+-------+-------+-------++-------
  Melee: Hand axe          |    84 |    81 |    50 ||   215
         Headbutt          |    12 |    11 |     6 ||    29
         Punch             |       |     2 |     1 ||     3
 Invoke: Berserk           |       |     2 |       ||     2
 Armour: Chain mail        |    41 |    44 |    10 ||    95
         Animal skin       |     3 |       |       ||     3
  Dodge: Dodged            |    43 |    51 |    22 ||   116
